 Dungeon Crawl Stone Soup version 0.27-a0-1140-g099f9bb0e8 (webtiles) character file.

Game seed: 6439357748519837082

93154 agentchuck the Unseen (level 15, -1/89 HPs)
             Began as a Vampire Necromancer on May 8, 2021.
             Was the Champion of Kikubaaqudgha.
             Shot with an arrow by a centaur warrior (32 damage)
             ... on level 14 of the Dungeon on May 9, 2021.
             The game lasted 02:44:06 (33213 turns).

agentchuck the Unseen (Vampire Necromancer)        Turns: 33213, Time: 02:44:07

Health: -1/89      AC: 15    Str: 11    XL:     15   Next: 59%
Magic:  17/30      EV: 19    Int: 25    God:    Kikubaaqudgha [******]
Gold:   837        SH: 16    Dex: 21    Spells: 6/36 levels left

rFire    + . .     SeeInvis +   w - +12 quick blade of Zogroem {freeze, rPois SInv}
rCold    + + +     Faith    .   P - +1 kite shield {rF+}
rNeg     + + +     Spirit   .   n - +2 leather armour of the Dropbear {rPois rC+++ Int-2 Dex+4}
rPois    ∞         Reflect  +   S - +2 hat {Stlth+}
rElec    .         Harm     .   j - +2 cloak {Stlth+}
rCorr    .         Rampage  .   h - +2 pair of gloves {Str+3}
Will     +....                  H - +1 pair of boots
Stlth    ++++++++++             x - amulet of reflection
HPRegen  0.00/turn              I - +6 ring of intelligence
MPRegen  0.22/turn              E - +4 ring of evasion

@: bloodless, hasted, very quick
A: bloodless, fangs 3, see invisible, unbreathing 1, vampiric 2
a: Bat Form, Revivify, Renounce Religion, Receive Corpses, Torment, Brand Weapon
With Pain, Receive Necronomicon


You were on level 14 of the Dungeon.
You worshipped Kikubaaqudgha.
Kikubaaqudgha was exalted by your worship.
You visited 4 branches of the dungeon, and saw 24 of its levels.
You also visited: Gauntlet.

You collected 2104 gold pieces.
You spent 1267 gold pieces at shops.


Innate Abilities, Weirdness & Mutations

You do not regenerate when monsters are visible.
You are frail without blood (-20% HP).
You can heal yourself when you bite living creatures.
You are immune to poison.
You have razor-sharp teeth.
You have supernaturally acute eyesight. (SInv)
You can survive without breathing.
You are afflicted with vampirism and can become a bat while bloodless.


   Skills:
 - Level 8.6 Fighting
 - Level 10.6 Short Blades
 - Level 2.1 Armour
 - Level 7.7 Dodging
 - Level 15.0 Stealth
 * Level 6.9 Shields
 + Level 11.4 Spellcasting
 - Level 1.7 Conjurations
 - Level 12.5 Necromancy
 + Level 6.4 Transmutations
 - Level 9.6 Earth Magic
 - Level 5.0 Evocations


You had 6 spell levels left.
You knew the following spells:

 Your Spells              Type           Power      Damage    Failure   Level
b - Borgnjor's Vile Clut  Necr/Erth      31%        N/A       4%          5
d - Animate Dead          Necr           33%        N/A       1%          4
n - Dispel Undead         Necr           67%        3d23      1%          4
p - Petrify               Tmut/Erth      53%        N/A       6%          4
s - Sandblast             Erth           100%       2d20      1%          1
v - Vampiric Draining     Necr           33%        2d10      1%          3
w - Stone Arrow           Conj/Erth      84%        3d12      4%          3
y - Agony                 Necr           67%        N/A       2%          5
z - Pain                  Necr           100%       1d9       1%          1

Your spell library contained the following spells:

 Spells                   Type           Power      Damage    Failure   Level
 Animate Skeleton         Necr           100%       N/A       1%          1
 Beastly Appendage        Tmut           92%        N/A       1%          1
 Corpse Rot               Necr/Air       N/A        N/A       1%          2
 Wereblood                Tmut           46%        N/A       1%          2
 Excruciating Wounds      Necr           33%        N/A       2%          5
 Foxfire                  Conj/Fire      72%        2x1d7     11%         1
 Spider Form              Tmut/Pois      15%        N/A       13%         3
 Death Channel            Necr           33%        N/A       14%         6
 Apportation              Tloc           28%        N/A       16%         1
 Corona                   Hex            15%        N/A       16%         1
 Freeze                   Ice            56%        1d7       16%         1
 Summon Small Mammal      Summ           56%        N/A       16%         1
 Leda's Liquefaction      Hex/Erth       19%        N/A       22%         4
 Blink                    Tloc           N/A        N/A       24%         2
 Call Imp                 Summ           14%        N/A       24%         2
 Slow                     Hex            14%        N/A       24%         2
 Hydra Form               Tmut           23%        N/A       30%         5
 Conjure Flame            Conj/Fire      18%        6-21      32%         3
 Ice Form                 Ice/Tmut       30%        N/A       38%         4
 Call Canine Familiar     Summ           14%        N/A       43%         3
 Confusing Touch          Hex            14%        N/A       43%         3
 Frozen Ramparts          Ice            28%        1d4       43%         3
 Gell's Gravitas          Tloc           7%         N/A       43%         3
 Inner Flame              Hex/Fire       14%        N/A       43%         3
 Ozocubu's Armour         Ice            14%        N/A       43%         3
 Portal Projectile        Hex/Tloc       28%        N/A       43%         3
 Summon Guardian Golem    Hex/Summ       14%        N/A       43%         3
 Teleport Other           Tloc           14%        N/A       43%         3
 Irradiate                Conj/Tmut      17%        3d19      63%         5
 Fulminant Prism          Conj/Hex       9%         3d7       73%         4
 Hailstorm                Conj/Ice       18%        3d6       73%         4
 Sticky Flame             Conj/Fire      18%        2d4       73%         4
 Yara's Violent Unravell  Hex/Tmut       15%        3d8       75%         5
 Cause Fear               Hex            7%         N/A       83%         4
 Summon Ice Beast         Ice/Summ       14%        N/A       83%         4
 Summon Lightning Spire   Summ/Air       14%        N/A       83%         4
 Simulacrum               Ice/Necr       22%        N/A       88%         6
 Fireball                 Conj/Fire      9%         3d6       97%         5
 Metabolic Englaciation   Hex/Ice        7%         N/A       99%         5
 Silence                  Hex/Air        7%         N/A       99%         5
 Summon Forest            Summ/Tloc      7%         N/A       99%         5
 Conjure Ball Lightning   Conj/Air       9%         3x3d6     100%        6
 Freezing Cloud           Conj/Ice/Air   8%         6-21      100%        6
 Ozocubu's Refrigeration  Ice            7%         4d6       100%        7
 Spellforged Servitor     Conj/Summ      9%         N/A       100%        7
 Disjunction              Tloc           7%         N/A       100%        8
 Dragon's Call            Summ           7%         N/A       100%        9
 Tornado                  Air            7%         N/A       100%        9
 Sublimation of Blood     Necr           Unusable   N/A       N/A         2

Inventory:

Hand Weapons
 q - a +3 falchion
 w - the +12 quick blade of Zogroem (weapon) {freeze, rPois SInv}
   (You acquired it on level 11 of the Dungeon)

   It has been specially enchanted to freeze those struck by it, causing extra
   injury to most foes and up to half again as much damage against particularly
   susceptible opponents.
   It can also slow down cold-blooded creatures.
   It protects you from poison.
   It lets you see invisible.
Missiles
 d - 30 silver javelins
 e - 9 curare-tipped darts {=f}
Armour
 h - a +2 pair of gloves of strength (worn)
 j - a +2 cloak of stealth (worn)
 n - the +2 leather armour of the Dropbear (worn) {rPois rC+++ Int-2 Dex+4}
   (You found it on level 8 of the Dungeon)

   It affects your intelligence (-2).
   It affects your dexterity (+4).
   It renders you almost immune to cold.
   It protects you from poison.
 H - a +1 pair of boots (worn)
 N - a +0 buckler
 P - a +1 kite shield of fire resistance (worn)
 S - a +2 hat of stealth (worn)
Magical Staves
 s - a staff of earth
Jewellery
 x - an amulet of reflection (around neck)
 E - a +4 ring of evasion (right hand)
 F - a ring of protection from fire
 I - a +6 ring of intelligence (left hand)
 L - a ring of flight
 O - a +4 ring of protection
 R - a ring of resist corrosion
 Z - a ring of wizardry
Wands
 a - a wand of flame (35)
 o - a wand of iceblast (20)
 y - a wand of polymorph (7)
 A - a wand of mindburst (25)
 U - a wand of acid (9)
Scrolls
 l - a scroll of torment {unknown}
 m - a scroll of blinking
 p - 2 scrolls of vulnerability {!r}
 r - 3 scrolls of fog
 u - 2 scrolls of silence {unknown}
 v - a scroll of summoning
 z - a scroll of magic mapping {unknown}
 J - 4 scrolls of amnesia
 T - 4 scrolls of teleportation {@r4}
Potions
 c - 2 potions of resistance
 f - 2 potions of might
 g - a potion of invisibility
 i - 3 potions of brilliance
 k - 8 potions of curing {@q1}
 t - a potion of experience {unknown}
 B - 2 potions of magic
 K - a potion of cancellation {unknown}
 M - 2 potions of haste {@q3}
 Q - a potion of flight {unknown}
 X - a potion of berserk rage {unknown}
Miscellaneous
 b - a lightning rod (4/4)
 V - a phial of floods
 Y - a box of beasts

Dungeon Overview and Level Annotations

Branches:
Dungeon (15/15)            Temple (1/1) D:4            Lair (6/6) D:9
 Shoals (0/4) Lair:3       Spider (0/4) Lair:3        Slime (0/5) Lair:6
    Orc (2/2) D:9             Elf (0/3) Orc:2        Depths (0/5) D:15
Gauntlet (visited)
 Vaults: D:13-14

Altars:
Ashenzari
Cheibriados
Dithmenos
Elyvilon
Fedhas
Gozag
Hepliaklqana
Kikubaaqudgha
Makhleb
Nemelex Xobeh
Okawaru
Qazlal
Ru
Sif Muna
Trog
Uskayaw
Vehumet
Wu Jian
Xom
Yredelemnul
Zin
The Shining One
Beogh

Shops:
D:4 !   D:14 !   Orc:1 (   Orc:2 [=([

Annotations:
D:4 Eust - rapier of prot, Eustachio
Lair:1 exclusion: blink frog, Erica
Lair:5 exclusion: 2 electric eels
Lair:6 2 runed translucent doors, exclusions: 2 doors and fire dragon

▒▒▒▒▒▒▒ ▒.....▒ ▒.†HJ.▒
▒▒▒▒▒ ▒...c.▒. ▒...▒ ▒▒
▒.D...▒....▒..D▒..▒▒▒.
..'.)...'.c..'..@'..'...
▒▒▒▒▒▒▒▒▒▒▒▒▒▒▒▒▒▒▒▒▒▒▒.


You could see a six-headed hydra and a centaur warrior.


Message History

You draw life force from the slime creature!
You feel life coursing into your body. You block the slime creature's attack.
You block the centaur warrior's attack. x2
Casting: Vampiric Draining (safe; 1% risk of failure)
Confirm with . or Enter, or press ? or * to list all spells.
Aiming: Vampiric Draining (safe; 1% risk of failure)
Press: ? - help, Shift-Dir - straight line, f - centaur warrior, p - slime creature
Aim: a centaur warrior, quivering arrows You draw life force from the centaur warrior!!
You feel life coursing into your body!
Your surroundings suddenly seem different.
You carefully extract the barbed spikes from your body.
The six-headed hydra roars!
You hear an angry hiss.
You hear a shout!
You feel yourself speed up.
The six-headed hydra bites you but does no damage.
You block the six-headed hydra's attack.
The six-headed hydra completely misses you.
You block the six-headed hydra's attack.
The six-headed hydra bites you but does no damage.
The six-headed hydra bites you.
* * * LOW HITPOINT WARNING * * *
The six-headed hydra closely misses you.
You block the six-headed hydra's attack. x2
The six-headed hydra misses you. x2
The six-headed hydra closely misses you.
The centaur warrior shouts!
The centaur warrior wields a +0 longbow.
The centaur warrior shoots an arrow.
The arrow hits you!!
You die...
Kikubaaqudgha rasps: "You have failed me!
Welcome... oblivion!"

Skill      XL: |  1  2  3  4  5  6  7  8  9 10 11 12 13 14 15 |
---------------+----------------------------------------------+-----
Necromancy     | 5 6 7 9 10 12 | 12.5
Earth Magic    | 1 2 3 5 6 7 8 9 |  9.6
Stealth        | 4 6 8 9 10 13 15 | 15.0
Fighting       | 2 4 6 7 8 |  8.6
Short Blades   | 3 5 6 7 8 9 10 | 10.6
Spellcasting   | 3 4 5 6 7 9 10 11 | 11.4
Evocations     | 1 2 3 5 |  5.0
Dodging        | 5 6 7 |  7.7
Conjurations   | 1 |  1.7
Transmutations | 3 4 6 |  6.4
Armour         | 1 2 |  2.1
Shields        | 3 4 6 |  6.9

Action                   |  1- 3 |  4- 6 |  7- 9 | 10-12 | 13-15 || total
-------------------------+-------+-------+-------+-------+-------++-------
Melee: Mace              |     1 |       |       |       |       ||     1
       Dagger            |    10 |    11 |   156 |    35 |       ||   212
       Bite              |     1 |       |    16 |    56 |   105 ||   178
       Quick blade       |       |       |       |   333 |   769 ||  1102
       Staff             |       |       |       |    12 |     1 ||    13
Throw: Stone             |       |     1 |       |       |       ||     1
       Javelin           |       |       |     2 |       |       ||     2
       Boomerang         |       |       |     7 |     1 |     6 ||    14
       Dart              |       |       |     5 |     4 |    11 ||    20
 Cast: Pain              |    75 |    33 |    87 |     2 |     1 ||   198
       Sandblast         |       |    26 |    97 |    11 |     8 ||   142
       Stone Arrow       |       |       |     1 |    21 |    40 ||    62
       Petrify           |       |       |       |    64 |    26 ||    90
       Vampiric Draining |       |       |       |     5 |    31 ||    36
       Borgnjor's Vile C |       |       |       |     4 |    75 ||    79
       Animate Dead      |       |       |       |       |     8 ||     8
       Dispel Undead     |       |       |       |       |     4 ||     4
Invok: Receive Corpses   |       |       |       |       |     2 ||     2
 Abil: Exsanguinate      |     1 |       |       |       |       ||     1
Evoke: Wand              |       |       |     1 |       |       ||     1
  Use: Scroll            |     1 |     2 |     8 |    16 |    10 ||    37
       Potion            |     1 |       |     1 |     3 |     6 ||    11
 Stab: Sleeping          |       |     1 |    12 |    34 |    42 ||    89
       Petrified         |       |       |       |    41 |     9 ||    50
       Petrifying        |       |       |       |    16 |    14 ||    30
       Distracted        |       |       |       |     2 |     1 ||     3
Armor: Robe              |     8 |     1 |       |       |       ||     9
       Leather armour    |       |     4 |   101 |   126 |    98 ||   329
Dodge: Dodged            |    13 |    12 |   100 |   205 |   314 ||   644
Block: Buckler           |       |       |       |    22 |   133 ||   155
       Reflection        |       |       |       |       |     6 ||     6
       Kite shield       |       |       |       |       |    46 ||    46

Levels and vault maps discovered:
D:1:      arrival_aquarium_b, layout_basic
D:2:      layout_basic, uniq_crazy_yiuf_cottage
D:3:      layout_basic, nicolae_overflow_crystal_walls, uniq_robin
D:4:      layout_layer_cave, gammafunk_temple_overflow_wave,
          minmay_temple_entry_statues, serial_shops, shop_statue,
          minmay_misc_feat_hallway, uniq_menkaure, uniq_eustachio
D:5:      layout_basic, kiku_gazebo_pond_becter, due_unseen_surprise,
          uniq_edmund
D:6:      layout_loops_ring, lemuel_doored_altar, minivault_24
D:7:      black_bear_nest_2, layout_basic, hangedman_decor_opposing,
          st_stairs_3, lemuel_another_geyser
D:8:      layout_gridville, corexii_checkpoint_b
D:9:      layout_long_grid, lair_entry_dummy, hiddenorc1_lemuel, feat_on_display
D:10:     layout_irregular_city, lemuel_tele_altar, grunt_nemelex_the_gamble,
          uniq_maurice
D:11:     minmay_the_grid_triangle_9x9_rhombus_thin_mashed
          [minmay_the_grid_triangle_9x9_odd_lines,
          minmay_the_grid_triangle_9x9_prize_schism,
          minmay_the_grid_triangle_9x9_intruding_spiral,
          minmay_the_grid_triangle_9x9_sprig], layout_loops_ring, uniq_urug
D:12:     layout_loops_corners, grunt_ministairs_9, nrook_mini_backslash,
          minmay_pinched_square, uniq_nergalle
D:13:     layout_small_grid, minmay_joined_circles, uniq_frances, uniq_nessos
D:14:     minmay_spiral_squares, layout_stronghold, david_vaults_1,
          serial_shops, nicolae_shop_competitors_out_of_business
D:15:     grunt_enter_depths_snipers, layout_stronghold, zin_angel,
          gauntlet_entry_generic, elyvilon_altar_1
Temple:   regret_index_temple_generic_petals
Lair:1:   layout_gridlike, serial_rivers, chequers_serial_rivers_micro_b,
          chequers_serial_rivers_marsh, chequers_serial_rivers_micro_e,
          chequers_serial_rivers_small_b, chequers_serial_rivers_marsh,
          beast_lair_carwin_11, lemuel_fruit_tree, uniq_erica
Lair:2:   layout_regular_city, grunt_megastairs_1, uniq_gastronok, uniq_sonja
Lair:3:   layout_cave_pods, elwin_shoals_entry_rocks,
          spider_nest_entry_funnel_web
Lair:4:   layout_cave_pods
Lair:5:   layout_concentric_octagons, basic_altar, serial_bayou_lagoon_b,
          grunt_megastairs_2
Lair:6:   cheibrodos_lair_end_hotspot, layout_cave_pods,
          nicolae_slime_entry_slimehenge, nicolae_lair_yak_garden,
          infiniplex_staircase_pool, serial_bayou_shore_b, uniq_kirke
Orc:1:    layout_caves, serial_shops, shop
Orc:2:    st_orc_elflike, layout_caves, basic_altar

Notes
Turn   | Place    | Note
-------+----------+-------------------------------------------
     0 | D:1      | agentchuck the Vampire Necromancer began the quest for the
                  | Orb.
     0 | D:1      | Reached XP level 1. HP: 13/13 MP: 3/3
     3 | D:1      | Noticed an electric eel
     4 | D:1      | Noticed an electric eel
   481 | D:1      | Reached XP level 2. HP: 7/15 MP: 0/5
   910 | D:1      | Identified Sif Muna's Guide on the Rocks and Creation
   914 | D:1      | Learned a level 1 spell: Sandblast
  1490 | D:2      | Gained mutation: You are afflicted with vampirism and can
                  | become a bat while bloodless. [Vampire growth]
  1490 | D:2      | Reached XP level 3. HP: 19/19 MP: 4/6
  1494 | D:2      | Learned a level 3 spell: Vampiric Draining
  1603 | D:2      | Reached skill level 5 in Necromancy
  1603 | D:2      | Reached skill level 1 in Earth Magic
  2055 | D:2      | Found a runed translucent door.
  2056 | D:2      | Noticed Crazy Yiuf
  2527 | D:3      | Found an ornate altar of the Wu Jian Council.
  3158 | D:3      | Reached XP level 4. HP: 24/24 MP: 4/7
  3372 | D:3      | Noticed Robin
  3378 | D:3      | Killed Robin
  3863 | D:3      | Reached skill level 2 in Earth Magic
  4213 | D:4      | Found Fabb's Distillery.
  4219 | D:4      | Bought a potion of heal wounds for 50 gold pieces
  4219 | D:4      | Bought a potion of curing for 30 gold pieces
  4458 | D:4      | Noticed a black bear
  4468 | D:4      | Noticed a necrophage
  4511 | D:4      | Killed a necrophage
  4512 | D:4      | Reached skill level 4 in Stealth
  4512 | D:4      | Reached XP level 5. HP: 28/28 MP: 2/9
  4624 | D:4      | Found a blossoming altar of Fedhas.
  4624 | D:4      | Found a bloodstained altar of Trog.
  4642 | D:4      | Noticed a black bear
  4779 | D:4      | Noticed Menkaure
  4787 | D:4      | Killed Menkaure
  4788 | D:4      | Reached skill level 3 in Earth Magic
  4788 | D:4      | Reached XP level 6. HP: 33/33 MP: 3/10
  4844 | D:4      | Noticed Eustachio
  4886 | D:4      | Found a staircase to the Ecumenical Temple.
  4907 | Temple   | Entered the Ecumenical Temple
  5717 | D:4      | Reached skill level 4 in Earth Magic
  5780 | D:4      | Reached skill level 5 in Earth Magic
  5939 | D:2      | Killed Crazy Yiuf
  6170 | D:5      | Entered Level 5 of the Dungeon
  6172 | D:5      | Reached XP level 7. HP: 37/37 MP: 11/11
  6179 | D:5      | Reached skill level 1 in Fighting
  6258 | D:5      | Reached skill level 1 in Short Blades
  6494 | D:5      | Reached skill level 5 in Stealth
  6494 | D:5      | Reached skill level 6 in Necromancy
  6559 | D:5      | Noticed Edmund
  6573 | D:5      | Reached skill level 2 in Short Blades
  6694 | D:5      | Reached skill level 2 in Fighting
  6722 | D:5      | Reached skill level 6 in Stealth
  6945 | D:5      | Reached skill level 3 in Short Blades
  6983 | D:5      | Found an ancient bone altar of Kikubaaqudgha.
  6991 | D:5      | Became a worshipper of Kikubaaqudgha
  7053 | D:5      | Killed Edmund
  7054 | D:5      | Reached XP level 8. HP: 23/45 MP: 4/12
  7410 | D:5      | Reached skill level 3 in Fighting
  7454 | D:6      | Reached skill level 7 in Stealth
  7568 | D:6      | Reached skill level 4 in Short Blades
  7722 | D:6      | Reached skill level 3 in Spellcasting
  7813 | D:6      | Found a stormy altar of Qazlal.
  7984 | D:6      | Reached skill level 8 in Stealth
  8102 | D:6      | Reached skill level 4 in Fighting
  8422 | D:7      | Reached skill level 5 in Short Blades
  8523 | D:7      | Reached skill level 1 in Evocations
  8530 | D:7      | Reached XP level 9. HP: 47/52 MP: 10/14
  9680 | D:7      | Learned a level 3 spell: Stone Arrow
  9683 | D:8      | Identified the +2 leather armour of the Dropbear {rPois
                  | rC+++ Int-2 Dex+4}
  9866 | D:8      | Reached * piety under Kikubaaqudgha
  9866 | D:8      | Identified Kikubaaqudgha's Compendium of Black Arts
                  | (Kikubaaqudgha gifted it to you on level 8 of the Dungeon)
  9866 | D:8      | Received a gift from Kikubaaqudgha
 10022 | D:8      | Reached skill level 3 in Dodging
 10223 | D:8      | Reached skill level 5 in Fighting
 10229 | D:8      | Reached skill level 2 in Evocations
 10325 | D:8      | Reached skill level 4 in Dodging
 10325 | D:8      | Reached skill level 4 in Spellcasting
 10325 | D:8      | Reached skill level 6 in Earth Magic
 10885 | D:9      | Reached skill level 1 in Conjurations
 10978 | D:9      | Reached skill level 5 in Dodging
 11128 | D:9      | Found a staircase to the Lair.
 11381 | D:9      | Reached skill level 6 in Fighting
 11426 | D:9      | Reached XP level 10. HP: 55/60 MP: 6/16
 11869 | D:9      | Reached ** piety under Kikubaaqudgha
 11870 | D:9      | Reached skill level 3 in Evocations
 11985 | D:9      | Found a staircase to the Orcish Mines.
 12046 | D:9      | Identified 3 potions of resistance
 12085 | D:10     | Entered Level 10 of the Dungeon
 12182 | D:10     | Noticed Maurice
 12200 | D:10     | Learned a level 4 spell: Animate Dead
 12268 | D:10     | Noticed a two-headed ogre
 12324 | D:10     | Found a sparkling altar of Nemelex Xobeh.
 12324 | D:10     | Found a transporter.
 12324 | D:10     | Noticed a storm dragon
 12325 | D:10     | Noticed a cyclops
 12336 | D:10     | Identified the Reference Book on Lethal Heat
 12556 | D:10     | Found an iron altar of Okawaru.
 12573 | D:10     | Learned a level 4 spell: Petrify
 13265 | D:10     | Killed Maurice
 13266 | D:10     | Reached skill level 1 in Transmutations
 13309 | D:11     | Reached skill level 7 in Fighting
 13309 | D:11     | Reached skill level 2 in Transmutations
 13639 | D:11     | Noticed a deep elf pyromancer
 13658 | D:11     | Identified 2 scrolls of acquirement
 13659 | D:11     | Acquired a +2 hat of stealth
 13672 | D:11     | Acquired the +12 quick blade of Zogroem {freeze, rPois
                  | SInv}
 13689 | D:11     | Reached skill level 6 in Short Blades
 13689 | D:11     | Reached skill level 7 in Earth Magic
 13700 | D:11     | Noticed Urug
 14360 | D:11     | Reached skill level 1 in Armour
 14366 | D:11     | Reached skill level 3 in Transmutations
 14369 | D:11     | Reached skill level 6 in Dodging
 14607 | D:11     | Killed a deep elf pyromancer
 14608 | D:11     | Reached skill level 5 in Spellcasting
 14611 | D:11     | Noticed a two-headed ogre
 14638 | D:11     | Reached XP level 11. HP: 65/67 MP: 13/18
 14644 | D:11     | Noticed a two-headed ogre
 14686 | D:11     | Killed Urug
 14725 | Lair:1   | Entered Level 1 of the Lair of Beasts
 14942 | Lair:1   | Reached skill level 2 in Armour
 14953 | Lair:1   | Noticed Erica
 15022 | Lair:1   | You fall into a shaft and drop 1 floor!
 15042 | Lair:2   | Learned a level 3 spell: Call Canine Familiar
 15108 | Lair:2   | Reached skill level 4 in Transmutations
 15196 | Lair:2   | Reached skill level 7 in Short Blades
 15659 | Lair:1   | Reached skill level 8 in Earth Magic
 16015 | Lair:1   | Reached *** piety under Kikubaaqudgha
 16015 | Lair:1   | Identified Kikubaaqudgha's Volume of Sinister Arts
                  | (Kikubaaqudgha gifted it to you on level 1 of the Lair of
                  | Beasts)
 16015 | Lair:1   | Received a gift from Kikubaaqudgha
 16041 | Lair:1   | Reached skill level 7 in Dodging
 16201 | Lair:2   | HP: 4/67 [polar bear (17)]
 16534 | Lair:2   | Reached skill level 9 in Stealth
 16623 | Lair:2   | Noticed Gastronok
 16629 | Lair:2   | Reached skill level 1 in Shields
 16629 | Lair:2   | Reached skill level 6 in Spellcasting
 16754 | Lair:2   | Killed Gastronok
 16755 | Lair:2   | Reached skill level 2 in Shields
 16755 | Lair:2   | Reached skill level 7 in Necromancy
 16894 | Lair:2   | Noticed Sonja
 17006 | Lair:2   | Reached skill level 3 in Shields
 17006 | Lair:2   | Reached XP level 12. HP: 70/72 MP: 13/21
 17498 | Lair:3   | Noticed a death yak
 17498 | Lair:3   | Noticed a death yak
 17576 | Lair:3   | Learned a level 5 spell: Borgnjor's Vile Clutch
 17599 | Lair:3   | Found a staircase to the Shoals.
 17608 | Lair:3   | Reached skill level 10 in Stealth
 17780 | Lair:3   | Reached skill level 4 in Shields
 18113 | Lair:2   | Killed Sonja
 18114 | Lair:2   | Reached skill level 8 in Necromancy
 18114 | Lair:2   | Reached skill level 9 in Earth Magic
 18400 | Lair:2   | Killed a death yak
 18401 | Lair:2   | Reached skill level 7 in Spellcasting
 18404 | Lair:2   | Killed a death yak
 18405 | Lair:2   | Reached skill level 8 in Short Blades
 18796 | Lair:3   | Found a hole to the Spider Nest.
 19077 | Lair:4   | Reached **** piety under Kikubaaqudgha
 19111 | Lair:4   | Noticed a five-headed hydra
 19124 | Lair:4   | Killed a five-headed hydra
 19293 | Lair:4   | Noticed a four-headed hydra
 19315 | Lair:4   | Killed a four-headed hydra
 19316 | Lair:4   | Reached skill level 8 in Fighting
 20215 | Lair:5   | Noticed a boulder beetle
 20226 | Lair:5   | Killed a boulder beetle
 20227 | Lair:5   | Reached skill level 9 in Necromancy
 20354 | Lair:5   | Found a shimmering altar of Xom.
 20810 | Lair:5   | Reached XP level 13. HP: 78/78 MP: 24/24
 20961 | Lair:6   | Entered Level 6 of the Lair of Beasts
 21229 | Lair:6   | Reached skill level 8 in Spellcasting
 21302 | Lair:6   | Reached skill level 11 in Stealth
 21302 | Lair:6   | Reached skill level 4 in Evocations
 21463 | Lair:6   | Noticed Kirke
 21476 | Lair:6   | Killed Kirke
 21857 | Lair:6   | Reached skill level 10 in Necromancy
 21857 | Lair:6   | Reached skill level 5 in Evocations
 21863 | Lair:6   | Reached skill level 12 in Stealth
 21889 | Lair:6   | Reached ***** piety under Kikubaaqudgha
 22168 | Lair:6   | Found a staircase to the Slime Pits.
 22650 | Lair:6   | Reached skill level 9 in Spellcasting
 22768 | Lair:6   | Found a large runed translucent door.
 22768 | Lair:6   | Noticed a fire dragon
 22939 | Lair:6   | Found a large runed translucent door.
 24032 | Orc:1    | Entered Level 1 of the Orcish Mines
 24223 | Orc:1    | Reached skill level 9 in Short Blades
 24223 | Orc:1    | Reached skill level 13 in Stealth
 24324 | Orc:1    | Found Zazat's Weapon Emporium.
 24598 | Orc:2    | Entered Level 2 of the Orcish Mines
 24644 | D:9      | HP: 3/78 [orc high priest/divine providence (14)]
 25398 | Orc:2    | Reached XP level 14. HP: 61/84 MP: 23/27
 25558 | Orc:2    | Learned a level 4 spell: Dispel Undead
 25564 | Orc:2    | Learned a level 5 spell: Agony
 25566 | Orc:2    | Found Goam's Armour Emporium.
 25589 | Orc:2    | Paralysed by an orc sorcerer for 4 turns
 25593 | Orc:2    | HP: 4/84 [orc knight/bolt (22)]
 26295 | Orc:2    | Reached skill level 11 in Necromancy
 26313 | Orc:2    | Found a staircase to the Elven Halls.
 27113 | Orc:2    | Found Ylank's Antique Weapon Emporium.
 27117 | Orc:2    | Found Wemul's Armour Shop.
 27123 | Orc:2    | Found Veorhephipu's Jewellery Shop.
 27133 | Orc:2    | Bought a +2 pair of gloves for 280 gold pieces
 27146 | Orc:2    | Bought a ring of protection from fire for 300 gold pieces
 27146 | Orc:2    | Bought an amulet of reflection for 360 gold pieces
 27561 | D:11     | Reached skill level 14 in Stealth
 27760 | D:11     | Identified the +5 long sword of the Depths {drain, Fly
                  | Dex-4 Stlth+}
 27760 | D:11     | Identified the +3 ring mail "Zizaunk" {Contam rC+ rCorr}
 27804 | D:11     | Reached skill level 10 in Short Blades
 27814 | D:11     | Reached skill level 10 in Spellcasting
 28320 | D:12     | Noticed Nergalle
 28350 | D:12     | Reached ****** piety under Kikubaaqudgha
 28356 | D:12     | Killed Nergalle
 29007 | D:12     | Identified the +7 shortbow of Dim Light {freeze, rN++
                  | Int+4}
 29091 | D:12     | Reached skill level 12 in Necromancy
 29380 | D:12     | Reached skill level 15 in Stealth
 29818 | D:13     | Noticed Nessos
 29821 | D:13     | Noticed Frances
 29822 | D:13     | Killed Nessos
 29934 | D:13     | Reached XP level 15. HP: 67/89 MP: 9/29
 30153 | D:13     | You fall into a shaft and drop 2 floors!
 30153 | D:15     | Entered Level 15 of the Dungeon
 30161 | D:15     | Found a gate leading to a gauntlet.
 30228 | Gauntlet | Entered a Gauntlet
 30228 | Gauntlet | Found a transporter.
 30327 | Gauntlet | Found a transporter.
 30342 | Gauntlet | Found a transporter.
 30347 | Gauntlet | Found a transporter.
 30362 | Gauntlet | Found a transporter.
 30381 | Gauntlet | Found a transporter.
 30393 | Gauntlet | Found a transporter.
 30405 | Gauntlet | Found a transporter.
 30417 | Gauntlet | Found a transporter.
 30423 | Gauntlet | Found a transporter.
 30423 | Gauntlet | Found a transporter.
 30438 | Gauntlet | Found a transporter.
 30443 | Gauntlet | Found a transporter.
 30484 | Gauntlet | Found a transporter.
 30515 | Gauntlet | Found a transporter.
 30517 | Gauntlet | Found a transporter.
 30547 | Gauntlet | Found a transporter.
 30549 | Gauntlet | Found a transporter.
 30668 | Gauntlet | Identified the +0 pair of boots "Cexufol" {rPois}
 30691 | Gauntlet | Identified the +7 hand crossbow "Pubiob" {venom, rCorr
                  | Str+6 Int-4 Dex+2}
 30691 | Gauntlet | Identified the +5 plate armour of Miracles {rN+ rCorr}
 30860 | Gauntlet | Identified +0 pearl dragon scales
 30860 | Gauntlet | Identified Wem Ferr's Collected Works on Conjuration
 30864 | Gauntlet | Identified the Grimoire of Translocation
 30867 | Gauntlet | Identified the Almanac of Bewitchment
 30867 | Gauntlet | Identified the +1 robe of Liberalism {rF+}
 31419 | D:15     | Identified Sif Muna's Tome of Glacial Curses
 31814 | D:15     | Reached skill level 5 in Shields
 31814 | D:15     | Reached skill level 11 in Spellcasting
 31814 | D:15     | Reached skill level 5 in Transmutations
 31840 | D:15     | Found a staircase to the Depths.
 32449 | D:13     | Killed Frances
 32612 | D:14     | Found Wiofij's Distillery.
 32621 | D:14     | Bought a potion of curing for 39 gold pieces
 32621 | D:14     | Bought a potion of curing for 39 gold pieces
 32621 | D:14     | Bought a potion of haste for 130 gold pieces
 32621 | D:14     | Bought a potion of curing for 39 gold pieces
 32715 | D:14     | Reached skill level 6 in Shields
 33023 | D:14     | Reached skill level 6 in Transmutations
 33197 | D:14     | HP: 3/89 [centaur warrior/arrow (9)]
 33213 | D:14     | Shot with an arrow by a centaur warrior

Vanquished Creatures
  Frances (D:13)
  Gastronok (Lair:2)
  Kirke (Lair:6)
  Nessos (D:13)
  A stone giant (D:15)
  A minotaur (Gauntlet)
  A green death (Gauntlet)
  5 boulder beetles
  4 centaur warriors
  7 hydras
  5 tengu warriors
  A catoblepas (Lair:6)
  6 two-headed ogres
  3 death yaks
  4 orc high priests
  Urug (D:11)
  Nergalle (D:12)
  Sonja (Lair:2)
  A skeletal warrior (D:12)
  A deep troll (shapeshifter) (D:11)
  2 lindwurms (Lair:6)
  A harpy (shapeshifter) (D:14)
  7 orc knights
  6 orc sorcerers
  10 ugly things
  A wolf spider (Lair:3)
  4 deep elf pyromancers
  7 manticores
  6 cyclopes
  3 elephants (Lair:2)
  3 centaur zombies
  Maurice (D:10)
  2 torpor snails
  8 black mambas
  4 gargoyles
  2 molten gargoyles (Lair:6)
  2 unseen horrors
  8 cane toads
  5 rime drakes
  A rime drake (shapeshifter) (D:14)
  2 yaktaurs
  An efreet (D:14)
  3 freezing wraiths
  7 komodo dragons
  A tengu conjurer (D:14)
  A jumping spider (Lair:2)
  A wolf spider simulacrum (D:14)
  13 trolls
  A polar bear (Lair:2)
  A hornet (D:9)
  9 blink frogs
  2 dream sheep (Lair:6)
  2 centaur simulacra
  4 hogs (Lair:6)
  A tarantella (shapeshifter) (D:12)
  12 wyverns
  39 yaks
  4 vampires
  2 shadows
  8 basilisks
  4 steam dragons
  Menkaure (D:4)
  4 vampire mosquitoes
  Edmund (D:5)
  3 acid dragons
  5 hell hounds (Lair:6)
  11 water moccasins
  16 orc warriors
  A sky beast (D:5)
  2 necrophages
  2 ice beasts
  6 ogres
  6 black bears
  7 wolves
  10 centaurs
  13 bullfrogs
  4 kobold brigands
  A scorpion (D:5)
  5 wights (D:9)
  4 killer bees (D:11)
  3 electric eels
  5 lava snakes (Lair:6)
  2 bullfrog zombies
  10 orc priests
  3 jellies (Lair:6)
  Crazy Yiuf (D:2)
  2 centaur skeletons
  A hound (D:6)
  2 iguanas
  A bullfrog skeleton (D:6)
  18 orc wizards
  6 hell rats (Lair:5)
  A hound zombie (D:5)
  2 howler monkey zombies
  Robin (D:3)
  3 gnolls (D:8)
  4 adders
  A shadow imp (D:7)
  A white imp (D:5)
  An ufetubus (D:5)
  An adder zombie (D:5)
  A dart slug (D:1)
  44 orcs
  6 ball pythons
  4 endoplasms
  3 giant cockroaches
  7 hobgoblins
  10 jackals
  16 kobolds
  5 quokkas
  2 bats
  4 frilled lizards
  14 goblins
  4 rats
539 creatures vanquished.

Vanquished Creatures (collateral kills)
  5 yaks (Lair:2)
  An orc warrior (Orc:2)
  An orc wizard (Orc:1)
7 creatures vanquished.

Vanquished Creatures (others)
  A hydra (Lair:6)
  2 dream sheep (Lair:6)
  3 humans (Lair:6)
  2 orc priests
  19 fungi
  40 plants
  4 withered plants (Gauntlet)
71 creatures vanquished.

Grand Total: 617 creatures vanquished

Table legend: (Time is in decaauts)
 A = Elapsed time spent in this place.
 B = Non-inter-level travel time spent in this place.
 C = Inter-level travel time spent in this place.
 D = Time resting spent in this place.
 E = Time spent auto-exploring this place.
 F = Levels seen in this place.
 G = Mean time per level.
                   A        B        C        D        E       F      G
               +--------+--------+--------+--------+--------+-----+--------+
         Total |  32448 |  30703 |   1745 |  10016 |   9926 |  25 | 1297.9 |
       Dungeon |  19954 |  18860 |   1094 |   6341 |   6266 |  15 | 1330.3 |
        Temple |    260 |    239 |     21 |      0 |    238 |   1 |  260.0 |
          Lair |   8801 |   8290 |    511 |   2313 |   2568 |   6 | 1466.8 |
  Orcish Mines |   2800 |   2682 |    118 |   1173 |    733 |   2 | 1400.0 |
      Gauntlet |    630 |    630 |      0 |    189 |    121 |   1 |  630.0 |
               +--------+--------+--------+--------+--------+-----+--------+

Top non-repeatable levels by time:
  Lair:6: 2328 daAuts
    D:11: 2036 daAuts
  Lair:2: 1869 daAuts
     D:3: 1724 daAuts
     D:9: 1656 daAuts
   Orc:2: 1631 daAuts
     D:4: 1581 daAuts
  Lair:5: 1506 daAuts
     D:7: 1447 daAuts
    D:12: 1441 daAuts
     D:1: 1417 daAuts
    D:10: 1395 daAuts
    D:15: 1288 daAuts
     D:8: 1279 daAuts
     D:5: 1265 daAuts

Table legend:
 A = Non-vault XP
 B = Vault XP
 C = Vault XP percentage of total XP
 D = Non-vault monster count
 E = Vault monster count
 F = Vault count percentage of total count
                 A         B        C        D         E       F
            +---------+---------+-------+---------+---------+-------
      Total |   59202 |   73876 |  55.5 |     352 |     195 |  35.6
            +---------+---------+-------+---------+---------+-------
        D:1 |      35 |       0 |   0.0 |      19 |       0 |   0.0
        D:2 |      34 |      41 |  54.7 |      14 |       1 |   6.7
        D:3 |      79 |      35 |  30.7 |      14 |      12 |  46.2
        D:4 |     339 |     169 |  33.3 |       9 |       1 |  10.0
        D:5 |     772 |     166 |  17.7 |      17 |       1 |   5.6
        D:6 |     768 |       0 |   0.0 |      10 |       0 |   0.0
        D:7 |     333 |     259 |  43.8 |       7 |       3 |  30.0
        D:8 |    1325 |       5 |   0.4 |      24 |       2 |   7.7
        D:9 |    2535 |     246 |   8.8 |      17 |      17 |  50.0
       D:10 |    1319 |     462 |  25.9 |      10 |       1 |   9.1
       D:11 |    4350 |    8185 |  65.3 |      21 |      12 |  36.4
       D:12 |    4062 |   10417 |  71.9 |      11 |      18 |  62.1
       D:13 |    2104 |    9549 |  81.9 |       4 |      14 |  77.8
       D:14 |    1271 |   12088 |  90.5 |       2 |      21 |  91.3
       D:15 |    6285 |    3133 |  33.3 |      15 |       3 |  16.7
     Lair:1 |    2235 |     235 |   9.5 |      12 |       2 |  14.3
     Lair:2 |    6140 |    5092 |  45.3 |      24 |      11 |  31.4
     Lair:3 |    4423 |     580 |  11.6 |      15 |       1 |   6.2
     Lair:4 |    4145 |       0 |   0.0 |      13 |       0 |   0.0
     Lair:5 |    3141 |       0 |   0.0 |      15 |       0 |   0.0
     Lair:6 |    9120 |   11852 |  56.5 |      36 |      44 |  55.0
      Orc:1 |    2022 |       0 |   0.0 |      15 |       0 |   0.0
      Orc:2 |    2365 |    7728 |  76.6 |      28 |      24 |  46.2
   Gauntlet |       0 |    3634 | 100.0 |       0 |       7 | 100.0
            +---------+---------+-------+---------+---------+-------
